AoeStats
← Rafaelbdoo

Arabia

505374093Analyzed
1v1 RM · 24d ago on Sep 9, 2026· 33m 7s· 2 players
Game mode
Random Map
Map size
Tiny (2 player)
Population
200
Speed
Normal
Resources
Standard
Victory
Conquest
Starting age
Dark Age
Ending age
Imperial Age
RankedLock teamsTeams togetherTeam positionsShared explorationLock speedFull tech treeHidden civsTurbo modeCheats
Victory
Defeat
🇺🇸 Malay · United States
766
+13
🇧🇷 Byzantines · Brazil
700
-21
Rafaelbdoo
13:26 Feudal Age
17:43 Gold Mining
17:45 Stone Mining
21:49 Forging
26:39 Fletching
28:55 Castle Age
34:24 Imperial Age
33:35 Iron Casting
fransengamesllc
7:19 Loom
12:00 Feudal Age
20:36 Castle Age
18:16 Man-at-Arms
19:16 Forging
19:03 Arson
19:35 Long Swordsman
20:19 Squires
21:07 Iron Casting
22:01 Double-Bit Axe
25:51 Horse Collar
26:25 Bow Saw
Connection lost

Rejoining the realm…

Still unreachable

The connection could not be restored.

Session expired

The server has moved on; the page needs a fresh start.